 Dungeon Crawl Stone Soup version 0.29.0-13-gc9e81de378 (webtiles) character file.

Game seed: 16665778619479527480

18511 Powertoast the Cleaver (level 12, -29/168 HPs)
             Began as a Hill Orc Fighter on Sept 10, 2022.
             Was an Elder of Trog.
             Annihilated by a death yak simulacrum (40 damage)
             ... in an ice cave.
             The game lasted 00:49:05 (13454 turns).

Powertoast the Cleaver (Hill Orc Fighter)          Turns: 13454, Time: 00:49:06

Health: -29/168    AC:  3    Str: 24    XL:     12   Next: 59%
Magic:  12/12      EV: 12    Int:  8    God:    Trog [****..]
Gold:   510        SH: 10    Dex: 10    Spells: 11/11 levels left

rFire   . . .      SeeInvis .   a - +4 war axe (spect)
rCold   . . .      Faith    .   G - +0 kite shield
rNeg    . . .      Spirit   .   (no body armour)
rPois   .          Reflect  .   (no helmet)
rElec   .          Harm     .   x - +0 cloak
rCorr   .          Rampage  .   (no gloves)
Will    ++...                   v - +0 pair of boots
Stlth   ..........              g - amulet of the acrobat
HPRegen 1.38/turn               (no ring)
MPRegen 0.13/turn               (no ring)

@: berserking, strong-willed, regenerating, studying Armour, very quick
A: no striking features
a: Renounce Religion, Berserk, Trog's Hand, Brothers in Arms


You were in an ice cave.
You worshipped Trog.
Trog was greatly pleased with you.
You visited 3 branches of the dungeon, and saw 13 of its levels.
You also visited: Bailey and Ice Cave.

You collected 865 gold pieces.
You spent 355 gold pieces at shops.

Inventory:

Hand Weapons
 a - a +4 spectral war axe (weapon)
 c - a +0 dagger of electrocution
 z - a +1 morningstar of protection
Missiles
 d - 2 throwing nets
 i - 8 javelins (quivered)
Armour
 m - a +2 chain mail of fire resistance
 n - a +2 ring mail of poison resistance
 v - a +0 pair of boots (worn)
 x - a +0 cloak (worn)
 A - +0 acid dragon scales
 G - a +0 kite shield (worn)
 M - a +2 chain mail of cold resistance
Jewellery
 g - an amulet of the acrobat (around neck)
 y - a +6 ring of intelligence
 F - a +6 ring of intelligence
 J - a ring of magical power
Wands
 D - a wand of roots (5)
 E - a wand of flame (31)
 K - a wand of paralysis (4)
Scrolls
 e - 4 scrolls of poison
 f - a scroll of blinking
 k - 3 scrolls of fear
 l - 2 scrolls of silence
 u - a scroll of immolation
 B - 5 scrolls of magic mapping
 H - a scroll of vulnerability {unknown}
 L - a scroll of teleportation
Potions
 b - 5 potions of invisibility
 h - a potion of degeneration {unknown}
 j - 2 potions of haste {unknown}
 o - a potion of attraction {unknown}
 p - 8 potions of curing
 q - 2 potions of lignification
 r - a potion of cancellation {unknown}
 s - 2 potions of ambrosia {unknown}
 t - a potion of heal wounds {unknown}
 w - 2 potions of brilliance {unknown}
 C - 2 potions of flight {unknown}
Miscellaneous
 I - a lightning rod (3/4)


   Skills:
 - Level 12.0 Fighting
 - Level 14.0 Axes
 - Level 5.0 Throwing
 - Level 12.0 Armour
 - Level 5.0 Dodging
 + Level 9.2 Shields
 - Level 5.0 Evocations


You had 11 spell levels left.
You didn't know any spells.
Your spell library contained the following spells:

 Spells                   Type           Power      Damage    Failure   Level
 Airstrike                Air            0%         2d(0-16)  100%        4
 Summon Lightning Spire   Summ/Air       0%         N/A       100%        4
 Lightning Bolt           Conj/Air       0%         1d11      100%        5


Dungeon Overview and Level Annotations

Branches:
Dungeon (10/15)            Temple (1/1) D:6            Lair (0/5) D:8
    Orc (2/2) D:10         Bailey (visited)           IceCv (1/1)
    Elf: Orc:2

Altars:
Okawaru
Trog
Zin

Shops:
D:3 *   D:7 ?[*?[

Annotations:
D:7 2 transporters, Adrian566's ghost, novice OpFi


Message History

You climb upwards.
You feel a wave of frost pass over you.
There is an entrance to an ice cave on this level.
Hurry and find it before the portal melts!
There is a stone staircase leading down here.
You hear the loud crackling of a melting archway nearby.
You see here a +0 dagger.
There is an open door here.
There is a frozen archway here.
The world spins around you as you enter the gateway.
You enter an ice cave!
The white ugly thing gurgles horribly!
Found 6 stones.
Found an ice covered gate leading back out of this place.
There is an ice choked empty arch of ancient stone here.
You start removing your armour.
You continue taking off your +2 chain mail of fire resistance.
Keep disrobing?
You continue taking off your +2 chain mail of fire resistance. x3
The death yak simulacrum gores you! The death yak simulacrum freezes you!!
* * * LOW HITPOINT WARNING * * *
You finish taking off your +2 chain mail of fire resistance.
You feel less resistant to fire.
There is nothing on the other side of the stone arch.
Your skin crawls.
You feel strong-willed. The white ugly thing tail-slaps you.
* * * LOW HITPOINT WARNING * * *
The white ugly thing freezes you!!
* * * LOW HITPOINT WARNING * * *
You block the wolf simulacrum's attack.
Okay, then.
Press: ? - help, v - describe, . - travel
Here: a white ugly thing The floor.
A red film seems to cover your vision as you go berserk!
You feel yourself moving faster!
You feel mighty! The death yak simulacrum gores you!
* * * LOW HITPOINT WARNING * * *
The death yak simulacrum freezes you!!!
You die...

### ###...
#......
##.......
##........
#.......8.
#..Z..Z...
#∩@u.....(
#..Z......
#.......8.
##........
##.......
#......
###... ###


You could see a white ugly thing, a wolf simulacrum, a death yak simulacrum and
a polar bear simulacrum.

Vanquished Creatures
  2 hydras (D:10)
  Fannar (D:10)
  2 two-headed ogres
  Urug (D:10)
  An orc knight (Bailey)
  An orc sorcerer (Orc:1)
  A cyclops (D:10)
  A manticore (D:9)
  A gargoyle (D:10)
  Joseph (D:7)
  5 kobold demonologists
  2 ice devils (Orc:1)
  6 trolls
  Grinder (D:5)
  The ghost of casanoah the Ruffian, an amateur DrTm (D:4)
  11 yaks
  4 hogs (D:10)
  A wraith (D:7)
  2 wyverns (D:7)
  Eustachio (D:5)
  A human (D:10)
  4 vampire mosquitoes
  2 steam dragons
  An acid dragon (D:10)
  A water moccasin (D:8)
  17 orc warriors
  2 sky beasts (D:7)
  A black bear (D:6)
  3 ogres
  A phantom (D:6)
  5 centaurs
  6 kobold brigands
  4 bullfrogs
  2 necrophages
  A scorpion (D:6)
  8 wights
  5 howler monkeys
  2 jellies
  7 hounds
  Crazy Yiuf (D:5)
  A bullfrog skeleton (D:4)
  A gnoll bouda (D:10)
  9 orc priests
  2 iguanas
  Natasha (thrice) (D:4)
  13 orc wizards
  A killer bee zombie (D:4)
  Robin (D:4)
  8 gnolls
  5 adders
  A shadow imp (D:3)
  2 ufetubi
  A worm (D:4)
  2 dart slugs
  71 orcs
  2 endoplasms
  2 giant cockroaches
  5 hobgoblins
  3 jackals (D:2)
  3 quokkas
  7 ball pythons
  7 bats
  3 frilled lizards (D:2)
  19 goblins
  15 kobolds
  3 rats
310 creatures vanquished.

Vanquished Creatures (collateral kills)
  An acid dragon (D:10)
1 creature vanquished.

Vanquished Creatures (others)
  An orc (D:7)
  11 plants
12 creatures vanquished.

Grand Total: 323 creatures vanquished

Notes
Turn   | Place    | Note
-------+----------+-------------------------------------------
     0 | D:1      | Powertoast the Hill Orc Fighter began the quest for the
                  | Orb.
     0 | D:1      | Reached XP level 1. HP: 19/19 MP: 1/1
    97 | D:1      | Found a faded altar of an unknown god.
   105 | D:1      | Prayed at the altar of an unknown god.
   105 | D:1      | Became a worshipper of Trog the Wrathful
   105 | D:1      | Reached * piety under Trog
   143 | D:1      | Reached skill level 3 in Axes
   506 | D:2      | Reached XP level 2. HP: 26/27 MP: 2/2
   998 | D:2      | Reached skill level 4 in Axes
  1089 | D:2      | Reached XP level 3. HP: 31/33 MP: 3/3
  1344 | D:3      | Reached ** piety under Trog
  1465 | D:3      | Reached XP level 4. HP: 41/41 MP: 4/4
  1504 | D:3      | Reached skill level 5 in Axes
  1613 | D:3      | Found Qema's General Store.
  1626 | D:3      | Bought a potion of invisibility for 88 gold pieces
  1626 | D:3      | Bought a scroll of teleportation for 33 gold pieces
  1652 | D:3      | You fall into a shaft and drop 3 floors!
  1655 | D:6      | Noticed a scorpion
  1664 | D:6      | Killed a scorpion
  1665 | D:6      | Reached XP level 5. HP: 47/47 MP: 5/5
  1755 | D:6      | Noticed a phantom
  1756 | D:6      | Found a staircase to the Ecumenical Temple.
  1763 | D:6      | Killed a phantom
  1764 | D:6      | Reached skill level 5 in Fighting
  1764 | D:6      | Reached skill level 6 in Axes
  1766 | D:6      | Reached skill level 1 in Throwing
  1766 | D:6      | Reached XP level 6. HP: 56/56 MP: 6/6
  1773 | Temple   | Entered the Ecumenical Temple
  1882 | D:6      | Reached skill level 7 in Axes
  1988 | D:5      | Entered Level 5 of the Dungeon
  2009 | D:5      | Reached XP level 7. HP: 61/61 MP: 7/7
  2017 | D:5      | Noticed Eustachio
  2443 | D:4      | Found a runed translucent gate.
  2444 | D:4      | Found a runed translucent gate.
  2445 | D:4      | Found a runed translucent gate.
  2446 | D:4      | Noticed casanoah's ghost (amateur DrTm)
  2563 | D:4      | Noticed Natasha
  2574 | D:4      | Killed Natasha
  2761 | D:4      | Noticed Robin
  2777 | D:4      | Killed Robin
  3039 | D:4      | Found a glowing silver altar of Zin.
  3070 | D:4      | Reached skill level 8 in Axes
  3103 | D:4      | Noticed Natasha
  3112 | D:4      | Killed Natasha
  3330 | D:4      | Noticed Natasha
  3337 | D:4      | Killed Natasha
  3505 | D:3      | Bought a scroll of enchant weapon for 82 gold pieces
  3570 | D:4      | Reached XP level 8. HP: 70/70 MP: 8/8
  3571 | D:4      | Reached skill level 5 in Shields
  3585 | D:4      | Killed casanoah's ghost
  3650 | D:5      | Killed Eustachio
  3651 | D:5      | Reached skill level 9 in Axes
  3697 | D:5      | Noticed Grinder
  3705 | D:5      | Killed Grinder
  3767 | D:5      | Reached skill level 10 in Axes
  3998 | D:5      | Found a runed translucent door.
  3999 | D:5      | Noticed Crazy Yiuf
  4007 | D:5      | Killed Crazy Yiuf
  4310 | D:5      | Reached XP level 9. HP: 76/79 MP: 9/9
  4685 | D:6      | Reached skill level 11 in Axes
  4956 | D:6      | Found an iron altar of Okawaru.
  5255 | D:7      | Reached skill level 5 in Armour
  5265 | D:7      | Found Balaytoz's Magic Scroll Emporium.
  5272 | D:7      | Found Podah's Assorted Antiques.
  5286 | D:7      | Reached skill level 12 in Axes
  5312 | D:7      | Found Awooxez's Magic Scroll Shop.
  5314 | D:7      | Found Qohum's Armour Shoppe.
  5320 | D:7      | Found a flagged portal.
  5329 | Bailey   | Entered a bailey
  5616 | Bailey   | Reached skill level 13 in Axes
  5768 | Bailey   | Reached XP level 10. HP: 63/91 MP: 10/10
  6155 | Bailey   | Found a roughly hewn altar of Beogh.
  6155 | Bailey   | Noticed an orc knight
  6167 | Bailey   | Killed an orc knight
  6168 | Bailey   | Reached skill level 14 in Axes
  6172 | Bailey   | Reached skill level 10 in Fighting
  6201 | Bailey   | Acquired a manual of Armour
  7455 | D:7      | Found Rakhufen's Antique Armour Shoppe.
  7492 | D:7      | Found a transporter.
  7495 | D:7      | Noticed a moth of wrath
  7497 | D:7      | Noticed Adrian566's ghost (novice OpFi)
  7944 | D:7      | Found a transporter.
  8063 | D:7      | Reached skill level 1 in Dodging
  8185 | D:8      | Noticed Joseph
  8197 | D:8      | Noticed a two-headed ogre
  8210 | D:7      | Killed Joseph
  8302 | D:8      | Killed a two-headed ogre
  8563 | D:8      | Found a staircase to the Lair.
  8954 | D:8      | Reached *** piety under Trog
  9160 | D:7      | Bought a scroll of brand weapon for 152 gold pieces
  9234 | D:9      | Noticed a kobold demonologist
  9242 | D:9      | Killed a kobold demonologist
  9243 | D:9      | Reached XP level 11. HP: 101/102 MP: 11/11
  9250 | D:9      | Noticed a manticore
  9259 | D:9      | Killed a manticore
 10055 | D:9      | Noticed a two-headed ogre
 10065 | D:9      | Killed a two-headed ogre
 10066 | D:9      | Reached skill level 1 in Evocations
 10369 | D:10     | Entered Level 10 of the Dungeon
 10628 | D:10     | Reached skill level 5 in Throwing
 10648 | D:10     | Reached **** piety under Trog
 11165 | D:10     | Reached skill level 10 in Armour
 11173 | D:10     | Reached XP level 12. HP: 92/112 MP: 12/12
 11328 | D:10     | Noticed a four-headed hydra
 11368 | D:10     | Killed a four-headed hydra
 11691 | D:10     | Noticed an eight-headed hydra
 11705 | D:10     | Killed an eight-headed hydra
 12329 | D:10     | Noticed Urug
 12343 | D:10     | Killed Urug
 12557 | D:10     | Noticed Fannar
 12571 | D:10     | Killed Fannar
 12572 | D:10     | Reached skill level 5 in Evocations
 12752 | D:10     | Found a staircase to the Orcish Mines.
 12844 | Orc:1    | Entered Level 1 of the Orcish Mines
 12851 | Orc:1    | Reached skill level 5 in Dodging
 13337 | Orc:1    | Found a frozen archway.
 13408 | Orc:2    | Entered Level 2 of the Orcish Mines
 13447 | IceCv    | Entered an ice cave
 13454 | IceCv    | Annihilated by a death yak simulacrum

Illustrated notes

Levels and vault maps discovered:
D:1:      scummos_arrival_forest, layout_rooms,
          hellmonk_ecumenical_altar_zigzags
D:2:      layout_loops_ring
D:3:      layout_basic, serial_shops, shop, serial_bayou_pond_a,
          grunt_decor_arrowhead
D:4:      kennysheep_the_goblin_king, layout_loops_cross,
          mainiacjoe_overflow_alcove_1, gammafunk_ghost_necromancy,
          serial_bayou_pond_a, minmay_checkerbox, uniq_natasha, uniq_robin
D:5:      layout_basic, kennysheep_flooded_box, uniq_crazy_yiuf_cottage,
          uniq_grinder, uniq_eustachio
D:6:      layout_loops_cross, okawaru_metal_pillars_1_2,
          minmay_temple_entry_proselytizer, kennysheep_generic_room_8
D:7:      layout_cave_pools, gammafunk_ghost_berserking_beasts, enter_bailey_6,
          serial_shops, nicolae_shop_advertising_works
          [nicolae_subvault_shop_adworks], shop_fountains,
          nicolae_take_the_stairs, shop, shop
D:8:      layout_rooms, lair_entry_dummy, special_room [special_room_orc],
          uniq_joseph
D:9:      layout_stronghold
D:10:     layout_stronghold, hiddenorc1_lemuel, nrook_campfire, st_stairs_8,
          grunt_livestock, minmay_shattered_shrine, uniq_urug, uniq_fannar
Temple:   mainiacjoe_temple_big_plus
Orc:1:    layout_caves, portal_ice_cave_demonic_guard, nicolae_orc_rockfall
Orc:2:    grunt_orc_tribal_feast, layout_caves, serial_shops, shop
IceCv:    ice_cave_statue_garden_transporter

Skill      XL: |  1  2  3  4  5  6  7  8  9 10 11 12 |
---------------+-------------------------------------+-----
Axes           | 3 4 5 6 7 8 10 13 14 | 14.0
Fighting       | 4 5 6 7 9 11 12 | 12.0
Throwing       | 1 2 3 4 5 |  5.0
Armour         | 4 5 6 10 12 | 12.0
Shields        | 4 5 6 7 9 |  9.2
Dodging        | 2 4 5 |  5.0
Evocations     | 3 5 |  5.0

Action                   |  1- 3 |  4- 6 |  7- 9 | 10-12 || total
-------------------------+-------+-------+-------+-------++-------
Melee: Hand axe          |   131 |    73 |    24 |       ||   228
       War axe           |     2 |       |   296 |   442 ||   740
       Morningstar       |       |       |       |    14 ||    14
Throw: Javelin           |       |       |     4 |     7 ||    11
Invok: Berserk           |       |     3 |     7 |     5 ||    15
       Trog's Hand       |       |     2 |    11 |    12 ||    25
Evoke: Lightning rod     |       |       |       |     4 ||     4
  Use: Scroll            |       |       |    13 |     9 ||    22
       Potion            |       |       |     4 |     1 ||     5
 Stab: Distracted        |       |       |       |     2 ||     2
Armor: Scale mail        |    18 |       |       |       ||    18
       Chain mail        |    96 |    40 |   238 |   179 ||   553
Dodge: Dodged            |    58 |    23 |   152 |   217 ||   450
Block: Buckler           |    32 |     9 |    75 |    59 ||   175
       Kite shield       |       |       |       |    95 ||    95
